 Dungeon Crawl Stone Soup version 0.29.1-15-g9cfb28693d (webtiles) character file.

Game seed: 1808735819991824869

35 Mickster the Digger (level 3, 0/26 HPs)
             Began as a Demigod Earth Elementalist on Mar 20, 2023.
             Constricted to death by a ball python (1 damage)
             ... on level 2 of the Dungeon on Mar 21, 2023.
             The game lasted 00:22:33 (1469 turns).

Mickster the Digger (Demigod Earth Elementalist)    Turns: 1469, Time: 00:22:33

Health: 0/26       AC:  9    Str:  9    XL:     3   Next: 2%
Magic:  4/8        EV:  9    Int: 21    God:
Gold:   0          SH:  0    Dex: 14    Spells: 5/6 levels left

rFire   . . .      SeeInvis .   g - +2 dagger (protect)
rCold   . . .      Faith    .   (no shield)
rNeg    . . .      Spirit   .   a - +0 robe
rPois   .          Reflect  .   (no helmet)
rElec   .          Harm     .   (no cloak)
rCorr   .          Rampage  .   (no gloves)
Will    .....                   (no boots)
Stlth   ++........              (no amulet)
HPRegen 0.08/turn               (no ring)
MPRegen 0.11/turn               (no ring)

@: under a protective aura, constricted
A: high MP 1, forlorn, divine attributes
a: no special abilities


You were on level 2 of the Dungeon.
You visited 1 branch of the dungeon, and saw 2 of its levels.

Inventory:

Hand Weapons
 c - a +0 mace
 d - a +0 club
 e - a +0 dagger
 g - a +2 dagger of protection (weapon)
Missiles
 f - 23 stones
Armour
 a - a +0 robe (worn)
Scrolls
 h - a scroll of amnesia {unknown}
Potions
 b - a potion of magic


   Skills:
 * Level 0.2 Short Blades
 - Level 0.1 Maces & Flails
 + Level 2.1 Dodging
 + Level 2.0 Stealth
 + Level 2.0 Spellcasting
 * Level 1.2 Transmutations
 * Level 3.1 Earth Magic


You had 5 spell levels left.
You knew the following spells:

 Your Spells              Type           Power      Damage    Failure   Level
a - Sandblast             Erth           30%        2d9       4%          1

Your spell library contained the following spells:

 Spells                   Type           Power      Damage    Failure   Level
 Passwall                 Tmut/Erth      9%         N/A       9%          2
 Stone Arrow              Conj/Erth      16%        3d8       22%         3
 Petrify                  Tmut/Erth      11%        N/A       52%         4


Dungeon Overview and Level Annotations

Branches:
Dungeon (2/15)

Annotations:
D:2 Natasha


Innate Abilities, Weirdness & Mutations

You have an increased reservoir of magic. (+10% MP)
You shall have no god before yourself.
Your divine heritage dramatically boosts your attributes as you level up.


Message History

Casting: Sandblast (safe; 4% risk of failure)
Confirm with . or Enter, or press ? or * to list all spells.
Aiming: Sandblast (safe; 4% risk of failure)
Press: ? - help, Shift-Dir - straight line, f/p - Jessica
Aim: Jessica, wielding a +0 club and wearing a +2 robe of willpower (heavily wounded, 82% to hit)
The blast of sand misses Jessica.
Natasha closely misses you.
The ball python bites you but does no damage.
The ball python constricts you.
Natasha wildly gestures.
Natasha glows brightly for a moment.
Natasha casts a spell.
Jessica says, "I'm really upset."
Casting: Sandblast (safe; 4% risk of failure)
Confirm with . or Enter, or press ? or * to list all spells.
Aiming: Sandblast (safe; 4% risk of failure)
Press: ? - help, Shift-Dir - straight line, f/p - Jessica
Aim: Jessica, wielding a +0 club and wearing a +2 robe of willpower (heavily wounded, 82% to hit)
The blast of sand hits Jessica.
Jessica is almost dead.
The ball python bites you but does no damage.
The ball python constricts you. Natasha barely misses you.
The ball python bites you. The ball python constricts you.
The white imp gestures at you. The puff of frost hits you!
* * * LOW HITPOINT WARNING * * *
You barely miss Jessica.
Jessica is almost dead.
The ball python barely misses you. The ball python constricts you.
Natasha barely misses you. The white imp gestures at you.
The puff of frost hits you.
* * * LOW HITPOINT WARNING * * *
Jessica hits you with a +0 club.
* * * LOW HITPOINT WARNING * * *
You hit Jessica.
Your weapon exudes an aura of protection.
You kill Jessica!
The ball python bites you but does no damage.
The ball python constricts you.
You die...

########################
.......!................
......S@)...).##########
##....h.......#
#............#
#.....5......#
#............#
#............#
#............#
##+###########


You could see Natasha, a white imp (summoned) and a ball python.

Vanquished Creatures
  Jessica (D:2)
  A worm (D:2)
  A dart slug (D:1)
  4 ball pythons (D:1)
  An endoplasm (D:1)
  3 goblins (D:1)
  A hobgoblin (D:1)
  2 jackals (D:1)
  4 kobolds (D:1)
  A quokka (D:1)
  4 bats
  4 frilled lizards (D:1)
  3 rats (D:1)
30 creatures vanquished.

Notes
Turn   | Place    | Note
-------+----------+-------------------------------------------
     0 | D:1      | Mickster the Demigod Earth Elementalist began the quest for
                  | the Orb.
     0 | D:1      | Reached XP level 1. HP: 14/14 MP: 5/5
    36 | D:1      | Reached skill level 1 in Transmutations
   128 | D:1      | Reached XP level 2. HP: 16/20 MP: 1/7
  1061 | D:1      | Reached skill level 3 in Earth Magic
  1249 | D:2      | Reached XP level 3. HP: 26/26 MP: 5/8
  1459 | D:2      | Noticed Jessica
  1462 | D:2      | Noticed Natasha
  1468 | D:2      | HP: 1/26 [Jessica/+0 club (1)]
  1469 | D:2      | Killed Jessica
  1469 | D:2      | Constricted to death by a ball python

Illustrated notes

Levels and vault maps discovered:
D:1:      nzn_arrival_water_spiral, layout_loops_ring,
          chequers_ecumenical_altar_simple_redux, minivault_23,
          minmay_misc_feat_ornament, chequers_serial_rivers_large_a,
          serial_bayou_crossing
D:2:      layout_basic, uniq_natasha, uniq_jessica

Skill      XL: |  1  2 |
---------------+-------+-----
Transmutations | 1 |  1.2
Dodging        | 2 |  2.1
Spellcasting   | 2 |  2.0
Stealth        | 2 |  2.0
Earth Magic    | 3 |  3.1
Short Blades   | |  0.2
Maces & Flails | |  0.1

Action                   || total
-------------------------++-------
Melee: Unarmed           ||     6
       Club              ||    12
       Dagger            ||     7
 Cast: Sandblast         ||    37
  Use: Scroll            ||     2
       Potion            ||     2
Armor: Robe              ||    13
Dodge: Dodged            ||    47
